 Dungeon Crawl Stone Soup version 0.27-a0-512-g57cc695410 (webtiles) character file.

Game seed: 3624400575867415297

742 dickylongcocking the Spear-Bearer (level 7, -3/50 HPs)
             Began as a Merfolk Gladiator on Mar 3, 2021.
             Killed from afar by Ijyb (25 damage)
             ... with a bolt of acid
             ... on level 5 of the Dungeon.
             The game lasted 00:03:39 (4727 turns).

dickylongcocking the Spear-Bearer (MfGl)            Turns: 4727, Time: 00:03:39

Health: -3/50      AC:  4    Str: 20    XL:     7   Next: 76%
Magic:  7/7        EV: 13    Int:  7    God:
Gold:   182        SH:  0    Dex: 18    Spells: 6/6 levels left

rFire    . . .     SeeInvis .   o - +1 halberd (vorpal)
rCold    . . .     Faith    .   (shield currently unavailable)
rNeg     . . .     Spirit   .   f - +0 ring mail
rPois    .         Reflect  .   c - +0 helmet
rElec    .         Harm     .   d - +0 cloak
rCorr    .         Rampage  .   (no gloves)
Will     .....                  u - +0 pair of boots
Stlth    +.........             (no amulet)
HPRegen  0.16/turn              e - +6 ring of strength
MPRegen  0.10/turn              (no ring)

@: corroded
A: change form in water, swift swim, stealthy swim
a: no special abilities


You were on level 5 of the Dungeon.
You visited 1 branch of the dungeon, and saw 5 of its levels.

You collected 182 gold pieces.

Inventory:

Hand Weapons
 a - a +0 trident
 n - a +1 vorpal spear
 o - a +1 vorpal halberd (weapon)
Missiles
 m - a throwing net (quivered)
Armour
 b - a +0 leather armour
 c - a +0 helmet (worn)
 d - a +0 cloak (worn)
 f - a +0 ring mail (worn)
 u - a +0 pair of boots (worn)
Jewellery
 e - a +6 ring of strength (left hand)
Scrolls
 g - 2 scrolls of random uselessness {unknown}
 h - 2 scrolls of teleportation {unknown}
 i - a scroll of blinking {unknown}
 j - a scroll of enchant weapon {unknown}
 q - 4 scrolls of identify {unknown}
 r - 4 scrolls of amnesia {unknown}
 s - a scroll of fog {unknown}
 t - a scroll of immolation {unknown}
 x - a scroll of fear {unknown}
Potions
 k - 2 potions of berserk rage {unknown}
 l - 2 potions of flight {unknown}
 p - a potion of heal wounds {unknown}
 v - a potion of degeneration {unknown}
 w - a potion of cancellation {unknown}
 z - a potion of curing {unknown}


   Skills:
 - Level 2.1 Fighting
 * Level 12.3 Polearms
 - Level 2.0 Throwing
 - Level 4.0 Dodging


You had 6 spell levels left.
You didn't know any spells.
Your spell library was empty.

Dungeon Overview and Level Annotations

Branches:
Dungeon (5/15)
 Temple: D:4-7

Altars:
Elyvilon
Fedhas
The Shining One

Annotations:
D:5 Ijyb


Message History

Key pressed, stopping explore.
No target in view!
You now have 182 gold pieces (gained 21).
Done exploring.
No target in view!
Key pressed, stopping explore.
No target in view!
Done exploring.
Done exploring.
(D) Dungeon
Where to? (Enter - D:4, ? - help)
There is a stone staircase leading down here.
You climb downwards.
Found 24 stones.
There is a stone staircase leading up here.
Found a stone staircase leading down.
No target in view!
Found a stone staircase leading up.
No target in view!
Found a quarterstaff.
No target in view!
Ijyb the Twisted Goblin comes into view.
She is wielding a +0 club and carrying a wand of acid (11).
Ijyb shouts!
An ogre comes into view. It is wielding a +0 giant club.
The ogre shouts!
Ijyb zaps a wand.
The bolt of acid hits you! The acid corrodes you!
You are splashed with acid!
There are monsters nearby!
You are too injured to fight recklessly!
There are monsters nearby!
You are too injured to fight recklessly!
Unknown command.
Okay, then.
There is a stone staircase leading down here.
Okay, then.
Ijyb screams, "You nasty!
Big nasty!"
There is a stone staircase leading up here.
Ijyb zaps a wand.
The bolt of acid hits you!!
Ouch! That really hurt!
You die...

. .##. ....###
##.....
#......####
..........#
..........##
...........##
.......@.#..###
.........##...##
...............#
........########
.......O.########
........g#.......
.......(.>.......
.................
........O...)....


You could see an ogre and Ijyb.

Vanquished Creatures
  An ogre (D:4)
  A phantom (D:4)
  A water moccasin skeleton (D:4)
  A bullfrog skeleton (D:4)
  An iguana (D:4)
  Natasha (thrice) (D:3)
  3 worker ants (D:4)
  17 gnolls
  6 adders
  An adder skeleton (D:4)
  4 worms
  3 dart slugs
  4 leopard geckos
  4 orcs (D:4)
  9 bats
  2 giant cockroaches
  12 goblins
  8 hobgoblins
  5 jackals
  7 kobolds
  3 quokkas (D:3)
  4 frilled lizards
  A jackal skeleton (D:4)
  10 rats
111 creatures vanquished.

Vanquished Creatures (others)
  65 plants (D:3)
65 creatures vanquished.

Grand Total: 176 creatures vanquished

Notes
Turn   | Place    | Note
-------+----------+-------------------------------------------
     0 | D:1      | dickylongcocking the Merfolk Gladiator began the quest for
                  | the Orb.
     0 | D:1      | Reached XP level 1. HP: 16/16 MP: 1/1
    42 | D:1      | Reached skill level 5 in Polearms
    93 | D:1      | Reached XP level 2. HP: 22/22 MP: 2/2
   335 | D:1      | Reached skill level 6 in Polearms
   335 | D:1      | Reached XP level 3. HP: 27/27 MP: 3/3
   733 | D:2      | Found a faded altar of an unknown god.
  1210 | D:2      | Reached skill level 7 in Polearms
  1210 | D:2      | Reached XP level 4. HP: 33/33 MP: 4/4
  1638 | D:2      | Found a blossoming altar of Fedhas.
  2171 | D:3      | Reached skill level 8 in Polearms
  2171 | D:3      | Reached XP level 5. HP: 38/38 MP: 5/5
  2698 | D:3      | Reached skill level 9 in Polearms
  2727 | D:3      | Found a glowing golden altar of the Shining One.
  2760 | D:3      | Reached XP level 6. HP: 34/44 MP: 6/6
  2823 | D:3      | Noticed Natasha
  2827 | D:3      | Killed Natasha
  3010 | D:3      | Noticed Natasha
  3018 | D:3      | Killed Natasha
  3019 | D:3      | Reached skill level 10 in Polearms
  3214 | D:3      | Noticed Natasha
  3223 | D:3      | Killed Natasha
  3887 | D:4      | Reached skill level 11 in Polearms
  3887 | D:4      | Reached XP level 7. HP: 37/50 MP: 7/7
  3978 | D:4      | Found a white marble altar of Elyvilon.
  4484 | D:4      | Reached skill level 12 in Polearms
  4703 | D:5      | Entered Level 5 of the Dungeon
  4718 | D:5      | Noticed Ijyb
  4727 | D:5      | Killed from afar by Ijyb

Illustrated notes

Levels and vault maps discovered:
D:1:      dpeg_arrival_ternary, layout_rooms
D:2:      layout_basic, general_overflow_altar, chequers_ecumenical_altar_twisty
D:3:      wad_woods_settlement, layout_basic, lemuel_doored_altar,
          item_on_display_a, uniq_natasha
D:4:      layout_loops_cross, nicolae_overflow_crystal_walls
D:5:      layout_rooms, old_standard_altar, basic_altar, minivault_14, uniq_ijyb

Skill      XL: |  1  2  3  4  5  6  7 |
---------------+----------------------+-----
Polearms       | 5 6 7 8 9 11 12 | 12.3
Fighting       | |  2.1
Throwing       | |  2.0
Dodging        | |  4.0

Action                   |  1- 3 |  4- 6 |  7- 9 || total
-------------------------+-------+-------+-------++-------
Melee: Trident           |   101 |    28 |       ||   129
       Spear             |       |    16 |       ||    16
       Halberd           |       |   142 |    46 ||   188
Throw: Throwing net      |       |     3 |       ||     3
Armor: Ring mail         |    34 |    52 |     6 ||    92
       Leather armour    |     1 |       |       ||     1
Dodge: Dodged            |    74 |   125 |    19 ||   218

Table legend: (Time is in decaauts)
 A = Elapsed time spent in this place.
 B = Non-inter-level travel time spent in this place.
 C = Inter-level travel time spent in this place.
 D = Time resting spent in this place.
 E = Time spent auto-exploring this place.
 F = Levels seen in this place.
 G = Mean time per level.
                   A        B        C        D        E       F      G
               +--------+--------+--------+--------+--------+-----+--------+
         Total |   4718 |   4509 |    209 |    470 |   3284 |   5 |  943.6 |
       Dungeon |   4718 |   4509 |    209 |    470 |   3284 |   5 |  943.6 |
               +--------+--------+--------+--------+--------+-----+--------+

Top non-repeatable levels by time:
     D:3: 1652 daAuts
     D:2: 1457 daAuts
     D:4: 920 daAuts
     D:1: 664 daAuts
     D:5: 23 daAuts
